Map: Gresvan LE

Players

Gerald

  • Race: Protoss Protoss
  • Spawn Location: 5:00

RagnaroK (SHIN) - Winner!

  • Race: Zerg Zerg
  • Spawn Location: 11:00

Event: ESL SC2 Masters 2023 Summer (Finals)

VOD

Have the link to the VOD?

Description

Time

  • Played on: June 16, 2023, 1:26 p.m.
  • Length: 9:54

All games in this series

Show
View Real Time Build Order
Export as new Build Order

Gerald Protoss 

Build Orders: 1 Gate Expand, Oracle Opening 

Get SALT Encoding   

  12  0:00  Probe  
  13  0:12  Probe  
  14  0:20  Pylon  
  14  0:24  Probe  
  15  0:39  Probe (Chrono Boost)  
  15  0:41  Gateway  
  16  0:47  Probe (Chrono Boost)  
  17  0:50  Assimilator  
  17  0:53  Probe  
  18  1:05  Probe  
  19  1:17  Probe  
  20  1:25  Nexus  
  20  1:29  Probe  
  21  1:40  Cybernetics Core  
  21  1:42  Probe  
  22  1:47  Assimilator  
  22  1:54  Probe  
  23  1:56  Pylon  
  23  2:13  Adept (Chrono Boost)  
  23  2:14  Probe  
  24  2:22  Stargate  
  26  2:26  Probe  
  27  2:31  Warp Gate  
  27  2:34  Adept (Chrono Boost)  
  29  2:38  Probe  
  29  2:39  Probe  
  31  2:50  Probe  
  32  2:51  Probe  
  32  2:56  Adept  
  35  3:02  Probe  
  35  3:03  Probe  
  37  3:06  Oracle (Chrono Boost)  
  40  3:14  Probe  
  40  3:15  Pylon  
  40  3:16  Probe  
  42  3:22  Gateway  
  42  3:26  Probe  
  43  3:29  Probe  
  43  3:33  Oracle (Chrono Boost)  
  44  3:38  Probe  
  44  3:41  Probe  
  49  3:49  Nexus  
  49  3:53  Pylon  
  49  3:58  Probe  
  49  4:02  Probe  
  47  4:05  Assimilator  
  47  4:07  Assimilator  
  47  4:10  Probe  
  47  4:12  Phoenix (Chrono Boost)  
  47  4:14  Probe  
  51  4:20  Adept  
  51  4:21  Adept  
  51  4:22  Probe  
  56  4:26  Probe  
  57  4:34  Probe  
  58  4:38  Probe  
  58  4:41  Twilight Council, Forge  
  58  4:42  Stalker  
  61  4:46  Probe (Chrono Boost), Shield Battery  
  62  4:54  Pylon  
  62  5:01  Probe x2 (Chrono Boost)  
  62  5:06  Pylon  
  62  5:07  Probe (Chrono Boost)  
  65  5:08  Probe (Chrono Boost)  
  65  5:09  Probe (Chrono Boost), Pylon  
  67  5:15  Adept x2  
  67  5:18  Protoss Ground Weapons Level 1 (Chrono Boost)  
  67  5:19  Probe (Chrono Boost)  
  67  5:20  Probe (Chrono Boost)  
  74  5:26  Probe (Chrono Boost)  
  74  5:28  Probe (Chrono Boost)  
  75  5:29  Probe (Chrono Boost)  
  75  5:32  Probe (Chrono Boost)  
  75  5:33  Blink  
  75  5:35  Gateway  
  77  5:36  Gateway  
  77  5:38  Probe, Gateway  
  77  5:41  Probe  
  79  5:48  Stalker x2  
  83  5:51  Probe  
  83  5:55  Probe  
  71  5:58  Adept x2  
  71  6:02  Pylon  
  73  6:06  Void Ray  
  73  6:07  Probe (Chrono Boost)  
  72  6:13  Pylon  
  72  6:14  Pylon  
  72  6:17  Probe (Chrono Boost), Shield Battery  
  72  6:18  Pylon  
  72  6:21  Adept x2  
  72  6:25  Probe  
  77  6:29  Fleet Beacon  
  77  6:30  Probe  
  78  6:37  Pylon  
  78  6:38  Stargate  
  78  6:41  Stalker  
  78  6:43  Adept x2  
  82  6:48  Probe x3  
  85  6:55  Gateway  
  85  7:00  Assimilator  
  85  7:02  Assimilator  
  85  7:17  Carrier (Chrono Boost)  
  91  7:29  Nexus  
  91  7:31  Carrier (Chrono Boost)  
  96  7:37  Probe  
  96  7:40  Stalker x5  
  105  7:51  Probe  
  105  7:53  Probe  
  107  8:00  Stalker  
  107  8:02  Probe  
  110  8:09  Nexus x2, Pylon  
  110  8:10  Pylon  
  110  8:15  Probe  
  110  8:18  Pylon  
  111  8:20  Probe x2  
  111  8:25  Carrier (Chrono Boost)  
  113  8:28  Zealot x3  
  125  8:40  Templar Archives  
  119  8:42  Zealot x3  
  124  8:48  Probe  
  124  8:50  Probe  
  124  8:51  Shield Battery, Carrier (Chrono Boost)  
  124  8:54  Photon Cannon  
  132  9:03  Shield Battery  
  132  9:04  Pylon  
  132  9:07  Gateway  
  132  9:21  Stalker  
  132  9:22  Stalker x3  
  132  9:23  Probe  
  132  9:24  Assimilator  
  135  9:25  Assimilator  
  119  9:50  Stalker x4  
Show
View Real Time Build Order
Export as new Build Order

RagnaroK Zerg - Winner!

Build Orders: Hatch First 

Get SALT Encoding   

  12  0:00  Drone  
  13  0:08  Drone  
  14  0:17  Overlord  
  14  0:40  Hatchery  
  13  0:43  Drone  
  13  0:47  Drone  
  15  0:51  Drone  
  15  0:55  Drone  
  17  1:05  Drone  
  17  1:08  Extractor  
  17  1:17  Spawning Pool  
  16  1:19  Drone  
  17  1:26  Drone  
  18  1:37  Drone  
  19  1:48  Drone  
  19  1:53  Drone  
  21  1:58  Drone  
  22  2:04  Queen x2  
  22  2:07  Zergling x2  
  27  2:10  Overlord  
  27  2:24  Metabolic Boost  
  27  2:27  Drone  
  27  2:29  Drone, Zergling x2  
  30  2:31  Drone  
  31  2:41  Hatchery, Drone  
  31  2:46  Zergling x2  
  31  2:50  Queen  
  34  2:54  Overlord  
  34  2:57  Drone  
  35  2:59  Drone  
  36  3:12  Queen  
  36  3:13  Zergling x2  
  36  3:14  Drone x2, Zergling x2  
  36  3:16  Drone  
  36  3:19  Overlord  
  43  3:21  Drone  
  44  3:35  Overlord  
  44  3:37  Queen  
  44  3:38  Drone x2  
  44  3:40  Drone  
  49  3:42  Spore Crawler  
  49  3:48  Queen  
  48  3:49  Drone  
  48  3:50  Drone  
  48  3:53  Drone  
  53  3:57  Drone x3  
  53  3:59  Drone  
  53  4:01  Spore Crawler  
  53  4:02  Drone  
  55  4:04  Drone  
  55  4:08  Spore Crawler  
  55  4:09  Queen  
  57  4:12  Drone  
  57  4:13  Drone  
  57  4:15  Drone  
  60  4:20  Drone x3  
  60  4:24  Overlord  
  63  4:25  Drone  
  63  4:27  Drone  
  63  4:30  Evolution Chamber  
  63  4:36  Extractor  
  63  4:37  Drone x3  
  65  4:40  Baneling Nest  
  65  4:41  Overlord  
  65  4:42  Overlord  
  65  4:44  Zergling x6  
  67  4:48  Zergling x6  
  70  4:53  Zergling x4  
  70  4:54  Overlord, Zergling x2  
  73  5:00  Overlord  
  73  5:05  Overlord  
  73  5:09  Hatchery  
  73  5:12  Overlord  
  72  5:15  Zergling x8  
  76  5:21  Zergling x10  
  76  5:25  Baneling x7  
  76  5:26  Baneling  
  80  5:29  Drone x2  
  80  5:35  Drone x4  
  86  5:36  Drone  
  86  5:40  Zergling x6  
  90  5:45  Lair  
  90  5:46  Drone  
  90  5:47  Drone x2  
  88  5:51  Zergling x8  
  89  5:57  Zergling x2  
  89  5:58  Zergling x4  
  89  6:03  Zergling x4  
  90  6:08  Zergling x2  
  90  6:09  Zergling x6  
  90  6:11  Drone  
  90  6:13  Overlord x3  
  90  6:17  Drone, Zerg Melee Weapons Level 1  
  89  6:20  Drone  
  89  6:21  Drone  
  89  6:22  Overlord  
  89  6:23  Drone  
  89  6:25  Extractor  
  89  6:26  Extractor  
  89  6:30  Drone  
  89  6:31  Drone  
  89  6:33  Drone  
  86  6:40  Drone x4  
  86  6:41  Drone x4  
  86  6:44  Hydralisk Den  
  86  6:46  Extractor x2, Zergling x4  
  91  6:51  Drone  
  91  6:52  Overseer  
  92  6:54  Drone  
  92  6:55  Zergling x2  
  92  6:58  Drone  
  92  6:59  Drone  
  92  7:00  Spore Crawler  
  95  7:09  Overlord  
  95  7:10  Overlord  
  95  7:14  Hydralisk x4, Grooved Spines  
  102  7:15  Hydralisk  
  102  7:18  Drone x9  
  113  7:24  Overlord  
  113  7:26  Hydralisk x2  
  117  7:33  Extractor, Zergling x4  
  117  7:34  Overlord  
  117  7:36  Zergling x10  
  122  7:38  Centrifugal Hooks  
  122  7:39  Drone  
  122  7:41  Overlord  
  122  7:42  Hydralisk  
  124  7:44  Overlord  
  124  7:48  Hydralisk x2, Overlord  
  128  7:52  Hydralisk  
  128  7:53  Hydralisk  
  128  7:54  Overlord  
  132  7:59  Hydralisk x2  
  132  8:04  Drone x2  
  138  8:06  Hatchery  
  138  8:10  Spire, Overlord  
  138  8:12  Overseer  
  136  8:15  Hydralisk, Zergling x2  
  136  8:16  Zergling x10  
  144  8:25  Hydralisk x2, Muscular Augments  
  148  8:28  Overlord x2  
  148  8:30  Hydralisk x2  
  148  8:32  Hydralisk  
  148  8:33  Zergling x6  
  156  8:37  Hydralisk  
  156  8:38  Zergling x8  
  158  8:47  Hydralisk x4  
  165  8:49  Zergling x8  
  165  8:53  Hydralisk x2  
  172  8:56  Hydralisk, Zergling x2  
  172  9:00  Hydralisk  
  172  9:01  Zergling x8  
  181  9:05  Drone x2  
  181  9:06  Hydralisk  
  181  9:07  Zergling x4  
  187  9:11  Drone x3  
  187  9:13  Zergling x4  
  187  9:14  Zergling x4  
  187  9:16  Extractor  
  193  9:20  Hydralisk, Zergling x4  
  193  9:23  Zergling x2  
  193  9:24  Zergling x4  
  197  9:27  Baneling x10  
  191  9:32  Zergling x12  
  187  9:41  Drone x2  
  185  9:50  Extractor  
  176  9:53  Extractor  
Tags
 
Add a new tag
Caveats
  • Supply blocks, unpowered buildings, or Contaminate may cause inaccurate times.
  • Supply counts are checked every 10 seconds.